Map: Nightshade LE

Players

Harstem - Winner!

  • Race: Protoss Protoss
  • Spawn Location: 11:00

PtitDrogo

  • Race: Protoss Protoss
  • Spawn Location: 5:00

Event: IEM Katowice 2020

VOD

Have the link to the VOD?

Description

Time

  • Played on: Feb. 25, 2020, 7:37 a.m.
  • Length: 7:59

All games in this series

Show
View Real Time Build Order
Export as new Build Order

Harstem Protoss - Winner!

Build Orders:  

Get SALT Encoding   

  12  0:00  Probe  
  13  0:12  Probe  
  14  0:17  Pylon  
  14  0:25  Probe (Chrono Boost)  
  15  0:36  Gateway  
  15  0:37  Probe (Chrono Boost)  
  16  0:44  Probe (Chrono Boost)  
  16  0:47  Assimilator  
  17  0:51  Probe  
  17  0:55  Assimilator  
  18  1:03  Probe (Chrono Boost)  
  19  1:07  Gateway  
  19  1:12  Probe (Chrono Boost)  
  19  1:17  Probe (Chrono Boost)  
  20  1:24  Cybernetics Core  
  21  1:29  Probe  
  21  1:32  Pylon  
  22  1:41  Probe  
  24  2:00  Robotics Facility  
  23  2:04  Stalker x2  
  27  2:13  Warp Gate  
  27  2:15  Pylon  
  27  2:16  Probe  
  28  2:37  Stalker x2  
  31  2:48  Immortal (Chrono Boost)  
  36  3:10  Pylon  
  36  3:11  Sentry  
  37  3:16  Warp Prism (Chrono Boost)  
  39  3:28  Probe  
  44  3:49  Robotics Bay  
  44  3:53  Immortal  
  44  4:12  Sentry  
  44  4:14  Pylon  
  46  4:17  Phoenix  
  46  4:21  Nexus  
  46  4:32  Probe  
  46  4:38  Disruptor (Chrono Boost)  
  47  4:40  Pylon  
  50  4:50  Probe  
  51  5:06  Shield Battery  
  51  5:07  Disruptor (Chrono Boost)  
  51  5:12  Probe  
  55  5:24  Probe  
  55  5:25  Gateway, Zealot  
  58  5:29  Shield Battery  
  59  5:41  Disruptor  
  59  5:42  Probe  
  62  5:49  Stalker  
  64  5:52  Probe  
  64  5:54  Probe  
  66  6:01  Stalker  
  65  6:22  Stalker x2  
  65  6:25  Probe  
  68  6:27  Probe  
  69  6:37  Probe (Chrono Boost)  
  69  6:39  Probe (Chrono Boost)  
  71  6:44  Stargate  
  71  6:47  Zealot x2  
  71  6:49  Probe (Chrono Boost)  
  71  6:51  Probe (Chrono Boost)  
  71  6:54  Pylon  
  77  6:58  Probe (Chrono Boost)  
  78  7:05  Pylon  
  78  7:12  Probe x2  
  78  7:13  Zealot  
  78  7:14  Zealot, Stalker  
  86  7:26  Phoenix (Chrono Boost)  
  85  7:39  Zealot x3  
  90  7:46  Probe  
Show
View Real Time Build Order
Export as new Build Order

PtitDrogo Protoss 

Build Orders: Phoenix Opening, Colossus Rush 

Get SALT Encoding   

  12  0:00  Probe  
  13  0:12  Probe  
  14  0:17  Pylon  
  14  0:24  Probe (Chrono Boost)  
  15  0:36  Gateway  
  15  0:37  Probe (Chrono Boost)  
  16  0:44  Probe (Chrono Boost)  
  16  0:46  Assimilator  
  17  0:51  Probe  
  17  0:54  Assimilator  
  18  1:03  Probe (Chrono Boost)  
  19  1:10  Gateway  
  19  1:13  Probe (Chrono Boost)  
  19  1:18  Probe (Chrono Boost)  
  20  1:23  Cybernetics Core  
  21  1:29  Probe  
  22  1:34  Pylon  
  22  1:41  Probe  
  23  1:53  Probe  
  24  2:00  Warp Gate, Sentry, Stalker  
  28  2:03  Pylon  
  28  2:24  Pylon  
  28  2:26  Stalker  
  30  2:30  Stalker  
  30  2:33  Phoenix  
  32  2:39  Robotics Facility  
  31  3:03  Nexus  
  31  3:22  Gateway  
  31  3:23  Immortal (Chrono Boost)  
  35  3:30  Robotics Bay  
  35  3:44  Pylon  
  35  3:50  Sentry  
  35  3:52  Warp Prism (Chrono Boost)  
  39  3:58  Pylon  
  40  4:02  Probe  
  40  4:04  Adept  
  42  4:16  Adept x2  
  46  4:33  Pylon  
  52  4:39  Adept  
  54  4:46  Colossus (Chrono Boost)  
  54  4:48  Pylon  
  54  4:52  Adept  
  56  5:06  Adept x2  
  60  5:10  Pylon  
  58  5:24  Pylon  
  58  5:26  Pylon  
  58  5:34  Stalker x2  
  62  5:35  Sentry  
  64  6:00  Stalker x3  
  59  6:35  Stargate  
  56  6:46  Nexus  
  56  6:48  Pylon  
  56  6:49  Probe  
  57  7:02  Adept x3  
  63  7:09  Pylon  
  64  7:31  Adept x2  
  47  7:44  Stalker  

Tags
 
Add a new tag
Caveats
  • Supply blocks, unpowered buildings, or Contaminate may cause inaccurate times.
  • Supply counts are checked every 10 seconds.